 Dungeon Crawl Stone Soup version bcrawl-1.12.1 (webtiles) character file.

Game seed: 6972144537993318672

46 Chiseanne the Skirmisher (level 3, 0/46 HPs)
             Began as a Hill Orc Archaeologist on July 11, 2019.
             Succumbed to a scorpion's poison
             ... on level 2 of the Dungeon.
             The game lasted 00:03:56 (1358 turns).

Chiseanne the Skirmisher (Hill Orc Archaeologist)   Turns: 1358, Time: 00:03:56

Health: 0/46       AC: 21    Str: 13    XL:     3   Next: 66%
Magic:  3/3        EV:  2    Int: 14    God:
Gold:   67         SH:  0    Dex: 10    Spells: 2/2 levels left

rFire    . . .     SeeInvis .   a - +0 mace
rCold    . . .     Gourm    .   (no shield)
rNeg     + + +     Faith    .   (armour currently unavailable)
rPois    +         Spirit   .   (helmet currently unavailable)
rElec    .         Reflect  .   (cloak currently unavailable)
rCorr    .         Harm     .   (gloves currently unavailable)
MR       .....     NoTele   +   (boots currently unavailable)
Stlth    ++........             (no amulet)
HPRegen  0.15/turn              (no ring)
MPRegen  0.08/turn              (no ring)

@: lethally poisoned (0 -> -15), tree-form, hasted, studying Fighting, very
quick
A: no striking features
a: no special abilities


You were on level 2 of the Dungeon.
You were not hungry.
You were a tree.
You visited 1 branch of the dungeon, and saw 2 of its levels.

You collected 67 gold pieces.

Inventory:

Hand Weapons
 a - a +0 mace (weapon)
 p - a +0 hunting sling
Missiles
 h - 157 sling bullets
 k - 275 stones (quivered)
 o - 42 curare-tipped needles
Armour
 b - a +1 robe (melded)
 c - a +1 hat (melded)
 d - a +2 pair of boots (melded)
Scrolls
 m - a scroll of remove curse
Potions
 l - 3 potions of degeneration {unknown}
Books
 e - a manual of Fighting
Miscellaneous
 f - an ancient crate
Comestibles
 g - 6 rations {!d}
 n - a chunk of flesh


   Skills:
 + Level 3.2 Fighting
   Level 3.2 Short Blades
   Level 3.2 Long Blades
   Level 3.2 Axes
   Level 3.2 Maces & Flails
   Level 3.2 Polearms
   Level 3.2 Staves
 - Level 2.4 Dodging
 - Level 2.6 Stealth
   Level 3.2 Unarmed Combat


You had 2 spell levels left.
You didn't know any spells.
Your spell library was empty.

Dungeon Overview and Level Annotations

Branches:
Dungeon (2/12)

Altars:


Message History

You feel sick. The scorpion barely misses you.
You barely miss the scorpion.
You feel sick. The scorpion stings you.
* * * LOW HITPOINT WARNING * * *
You are more poisoned.
The scorpion poisons you!
You hit the scorpion.
The scorpion is moderately wounded.
* * * LOW HITPOINT WARNING * * *
You feel sick. The scorpion stings you.
* * * LOW HITPOINT WARNING * * *
The scorpion completely misses you.
It was a potion of lignification.
You turn into a tree.
Your +1 hat melds into your body.
Your +2 pair of boots melds into your body.
Your +1 robe melds into your body.
Your roots penetrate the ground.
* * * LOW HITPOINT WARNING * * *
You feel sick.
The scorpion stings you but does no damage.
It was a potion of haste.
You feel yourself speed up.
You die...

#....### .....# #.####
#.# ..# # ### #.# ##
####.#####
.########$......s#
....>.....#...##♣#
.#######.......#.#######
## #..#.............
#..##.###.#######
#.........# #.....#####
#######


You could see a scorpion.

Vanquished Creatures
  2 dart slugs (D:1)
  2 leopard geckos (D:1)
  A ball python (D:1)
  5 bats (D:1)
  A giant cockroach (D:1)
  4 hobgoblins (D:1)
  3 jackals (D:1)
  A kobold (D:1)
  A quokka (D:2)
  3 frilled lizards (D:1)
  8 goblins
  5 rats
36 creatures vanquished.

Notes
Turn   | Place    | Note
-------+----------+-------------------------------------------
     0 | D:1      | Chiseanne the Hill Orc Archaeologist began the quest for
                  | the Orb.
     0 | D:1      | Reached XP level 1. HP: 15/15 MP: 1/1
    44 | D:1      | Reached skill level 1 in Fighting
    85 | D:1      | Reached XP level 2. HP: 9/23 MP: 2/2
   304 | D:1      | Reached skill level 2 in Fighting
   621 | D:1      | Reached XP level 3. HP: 29/29 MP: 3/3
  1009 | D:1      | Reached skill level 3 in Fighting
  1335 | D:2      | Noticed a scorpion
  1357 | D:2      | HP: 2/46 [poisoned by a scorpion]
  1358 | D:2      | Succumbed to a scorpion's poison

Skill      XL: |  1  2  3 |
---------------+----------+-----
Fighting       | 1 2 3 |  3.2
Short Blades   | |  3.2
Long Blades    | |  3.2
Axes           | |  3.2
Maces & Flails | |  3.2
Polearms       | |  3.2
Staves         | |  3.2
Dodging        | |  2.4
Stealth        | |  2.6
Unarmed Combat | |  3.2

Action                   || total
-------------------------++-------
Melee: Mace              ||   141
  Use: Scroll            ||     3
       Potion            ||     2
 Stab: Sleeping          ||     2
  Eat: Chunk             ||     2
Armor: Robe              ||    62
       Skin              ||     1
Dodge: Dodged            ||   118
